 Dungeon Crawl Stone Soup version 0.29-a0-284-gf9362112df (webtiles) character file.

Game seed: 7479261891181572808

987 zazu2006 the Magician (level 7, -5/53 HPs)
             Began as a Demigod Hedge Wizard on Mar 30, 2022.
             Engulfed by a steam dragon's steam (9 damage)
             ... on level 7 of the Dungeon.
             The game lasted 00:14:57 (8573 turns).

zazu2006 the Magician (Demigod Hedge Wizard)        Turns: 8573, Time: 00:14:58

Health: -5/53      AC:  5    Str: 22    XL:     7   Next: 65%
Magic:  1/16       EV: 12    Int: 16    God:
Gold:   388        SH:  0    Dex: 17    Spells: 5/14 levels left

rFire   . . .      SeeInvis .   k - +1 long sword (protect)
rCold   . . .      Faith    .   (no shield)
rNeg    + + +      Spirit   .   g - +1 leather armour of Charity {rN++ Str+3 Dex+4}
rPois   +          Reflect  .   c - +0 hat
rElec   .          Harm     .   m - +0 cloak
rCorr   .          Rampage  .   (no gloves)
Will    +....                   (no boots)
Stlth   ++........              (no amulet)
HPRegen 0.17/turn               i - ring of positive energy
MPRegen 0.15/turn               o - ring of poison resistance

@: no status effects
A: high MP 1, forlorn, divine attributes, strong-willed 1
a: no special abilities


You were on level 7 of the Dungeon.
You visited 1 branch of the dungeon, and saw 7 of its levels.

You collected 388 gold pieces.

Inventory:

Hand Weapons
 a - a +0 dagger
 k - a +1 long sword of protection (weapon)
Missiles
 n - 2 atropa-tipped darts
Armour
 c - a +0 hat (worn)
 g - the +1 leather armour of Charity (worn) {rN++ Str+3 Dex+4}
   (You found it on level 4 of the Dungeon)

   Str:       It affects your strength (+3).
   Dex:       It affects your dexterity (+4).
   rN:        It greatly protects you from negative energy.
 m - a +0 cloak (worn)
 r - a +0 buckler
Jewellery
 i - a ring of positive energy (left hand)
 o - a ring of poison resistance (right hand)
Wands
 s - a wand of paralysis (4)
Scrolls
 b - a scroll of amnesia {unknown}
 e - 8 scrolls of identify {unknown}
 f - 2 scrolls of enchant armour {unknown}
 h - a scroll of teleportation {unknown}
 j - a scroll of fog {unknown}
 l - a scroll of fear {unknown}
 p - a scroll of brand weapon {unknown}
 t - a scroll of vulnerability {unknown}
Potions
 d - a potion of magic
 u - a potion of mutation


   Skills:
 + Level 1.7 Fighting
 + Level 2.8 Long Blades
 + Level 2.4 Armour
 + Level 2.7 Dodging
 + Level 3.0 Stealth
 + Level 4.3 Spellcasting
 + Level 3.0 Conjurations
 + Level 0.8 Summonings
 + Level 0.8 Translocations
 + Level 0.7 Air Magic
 * Level 3.3 Poison Magic


You had 5 spell levels left.
You knew the following spells:

 Your Spells              Type           Power      Damage    Failure   Level
a - Magic Dart            Conj           52%        1d5       5%          1
b - Mephitic Cloud        Conj/Pois/Air  11%        N/A       22%         3
c - Conjure Flame         Conj/Fire      8%         6-21      30%         3
d - Blink                 Tloc           12%        N/A       21%         2

Your spell library contained the following spells:

 Spells                   Type           Power      Damage    Failure   Level
 Apportation              Tloc           12%        N/A       13%         1
 Slow                     Hex            12%        N/A       19%         1
 Call Imp                 Summ           6%         N/A       21%         2
 Passage of Golubria      Tloc           6%         N/A       78%         4
 Alistair's Intoxication  Tmut/Pois      5%         N/A       95%         5
 Silence                  Hex/Air        2%         N/A       99%         5
 Lehudib's Crystal Spear  Conj/Erth      4%         10d3      100%        8


Dungeon Overview and Level Annotations

Branches:
Dungeon (7/15)             Temple (0/1) D:4

Shops:
D:1 *   D:4 (

Annotations:
D:5 3 runed translucent doors, pickled's ghost, novice OgWr


Innate Abilities, Weirdness & Mutations

You have an increased reservoir of magic. (+10% MP)
You shall have no god before yourself.
Your divine heritage dramatically boosts your attributes as you level up.
You are strong-willed. (Will+)


Message History

Confirm with . or Enter, or press ? or * to list all spells.
You don't have enough magic to cast this spell.
Unknown command.
Casting: Magic Dart (safe; 5% risk of failure)
Confirm with . or Enter, or press ? or * to list all spells.
You don't have enough magic to cast this spell.
Unknown command.
Okay, then.
It was a potion of curing.
You feel better. The steam dragon closely misses you.
The steam dragon claws you.
* * * LOW HITPOINT WARNING * * *
You hit the steam dragon.
Your weapon exudes an aura of protection.
The steam dragon is severely wounded.
The steam dragon barely misses you. The steam dragon claws you.
* * * LOW HITPOINT WARNING * * *
The steam dragon bites you but does no damage.
The steam dragon closely misses you.
You hit the steam dragon but do no damage.
The steam dragon is severely wounded.
You barely miss the steam dragon.
The steam dragon is severely wounded.
Casting: Magic Dart (safe; 5% risk of failure)
Confirm with . or Enter, or press ? or * to list all spells.
Aiming: Magic Dart (safe; 5% risk of failure)
Press: ? - help, Shift-Dir - straight line, f/p - steam dragon
Aim: a steam dragon (severely wounded, confused, 100% to hit)
The magic dart hits the steam dragon but does no damage.
The steam dragon is severely wounded.
Unknown command.
The steam dragon seems less confused.
The steam dragon breathes steam at you. The ball of steam hits you.
* * * LOW HITPOINT WARNING * * *
Aiming: Paralyse
Press: ? - help, Shift-Dir - straight line, f/p - steam dragon
Aim: a steam dragon (severely wounded, catching its breath, chance to affect: 49%)
The steam dragon resists with some effort.
You are engulfed in a cloud of scalding steam.
You die...

....... ....## .
.########....##..
...h.........[... .....
..#h#####o.>.###. ......
#.....#........ ......
#####.......... .....
######........##
#...######@§.D..#........
###..#..§§§#§§§.........#
#......#####.####.......#
#.....######.# .........
#.......#..... .........
.##..........### .......
............... ....
........>....#. ....
.##............


You could see a steam dragon (catching breath).

Vanquished Creatures
  A steam dragon (D:7)
  An ice beast (D:7)
  A sky beast (D:6)
  A phantom (D:5)
  A scorpion (D:6)
  2 howler monkeys (D:7)
  A jelly (D:4)
  2 orc priests
  Terence (D:3)
  3 iguanas
  4 orc wizards
  3 gnolls (D:5)
  8 adders
  2 white imps (D:5)
  An ufetubus (D:5)
  A worm (D:2)
  4 dart slugs
  6 orcs
  12 ball pythons
  6 endoplasms
  7 giant cockroaches
  4 goblins
  5 hobgoblins
  7 jackals
  6 quokkas
  7 bats
  A frilled lizard (D:1)
  5 kobolds
  11 rats
114 creatures vanquished.

Notes
Turn   | Place    | Note
-------+----------+-------------------------------------------
     0 | D:1      | zazu2006 the Demigod Hedge Wizard began the quest for the
                  | Orb.
     0 | D:1      | Reached XP level 1. HP: 14/14 MP: 6/6
   171 | D:1      | Reached skill level 3 in Spellcasting
   405 | D:1      | Reached XP level 2. HP: 13/20 MP: 1/8
   655 | D:1      | Reached skill level 1 in Conjurations
  1169 | D:1      | Found Ajiurcha's Assorted Antiques.
  1755 | D:2      | Reached XP level 3. HP: 26/26 MP: 8/10
  2868 | D:2      | Learned a level 3 spell: Mephitic Cloud
  2872 | D:2      | Learned a level 3 spell: Conjure Flame
  3852 | D:3      | Reached XP level 4. HP: 33/33 MP: 7/12
  4049 | D:3      | Noticed Terence
  4407 | D:3      | Killed Terence
  4896 | D:3      | Reached skill level 1 in Poison Magic
  5033 | D:4      | Reached XP level 5. HP: 32/38 MP: 7/13
  5337 | D:4      | Reached skill level 1 in Armour
  5337 | D:4      | Reached skill level 4 in Spellcasting
  5497 | D:4      | Found a staircase to the Ecumenical Temple.
  5619 | D:4      | Identified the +1 leather armour of Charity {rN++ Str+3
                  | Dex+4}
  5632 | D:4      | Gained mutation: You are frail. (-10% HP) [potion of
                  | mutation]
  5632 | D:4      | Lost mutation: You are frail. (-10% HP) [potion of
                  | mutation]
  5632 | D:4      | Gained mutation: You are strong-willed. (Will+) [potion of
                  | mutation]
  6086 | D:4      | Found Pael's Weapon Shoppe.
  6218 | D:4      | Reached skill level 1 in Fighting
  6443 | D:5      | Entered Level 5 of the Dungeon
  6494 | D:5      | Reached XP level 6. HP: 47/47 MP: 15/15
  6504 | D:5      | Found a runed translucent gate.
  6506 | D:5      | Found a runed translucent gate.
  6507 | D:5      | Found a runed translucent gate.
  6509 | D:5      | Noticed a yak
  6509 | D:5      | Noticed pickled's ghost (novice OgWr)
  7057 | D:5      | Reached skill level 1 in Long Blades
  7149 | D:5      | Learned a level 2 spell: Blink
  7575 | D:6      | Noticed a purple ugly thing
  7877 | D:6      | Reached XP level 7. HP: 31/52 MP: 16/16
  8512 | D:7      | Noticed a steam dragon
  8541 | D:7      | Noticed a steam dragon
  8548 | D:7      | Killed a steam dragon
  8573 | D:7      | Engulfed by a steam dragon's steam

Illustrated notes

Levels and vault maps discovered:
D:1:      dpeg_arrival_brainrot, layout_basic, serial_shops, shop_coins,
          hellmonk_ecumenical_altar_blasted, corexii_hall_statues_s,
          feat_on_display
D:2:      layout_loops_ring, serial_co_window_serial,
          co_window_of_opportunity_a, co_window_of_opportunity_a,
          co_window_cross_1, co_window_paths_a, co_window_corner_a,
          co_window_paths_c, co_window_of_opportunity_b, co_window_cross_3,
          co_window_broadway_a, co_window_unsneaky_path_a, co_window_corner_ca,
          co_window_broadway_b, co_window_4corner_b, co_window_paths_d,
          glass_columns_a, glass_columns_a, glass_columns_b, glass_columns_a,
          glass_columns_a
D:3:      layout_basic, grunt_ministairs_11, uniq_terence
D:4:      layout_basic, minmay_temple_entry_glassed_door,
          minmay_shop_grid_forest
D:5:      layout_loops_cross, ebering_ghost_gozag
D:6:      layout_loops_ring, kennysheep_generic_room_8
D:7:      layout_rooms, nicolae_overflow_quartered_altars,
          lemuel_coloured_pillars_altar, serial_glass, glass_columns_b,
          glass_columns_b, chequers_decorated_corner

Skill      XL: |  1  2  3  4  5  6  7 |
---------------+----------------------+-----
Spellcasting   | 3 4 |  4.3
Conjurations   | 1 2 3 |  3.0
Dodging        | 2 |  2.7
Stealth        | 2 3 |  3.0
Poison Magic   | 1 2 3 |  3.3
Armour         | 1 2 |  2.4
Fighting       | 1 |  1.7
Long Blades    | 1 2 |  2.8
Summonings     | |  0.8
Translocations | |  0.8
Air Magic      | |  0.7

Action                   |  1- 3 |  4- 6 |  7- 9 || total
-------------------------+-------+-------+-------++-------
Melee: Dagger            |    36 |    57 |       ||    93
       Punch             |     1 |     2 |     1 ||     4
       Long sword        |       |    96 |    73 ||   169
 Cast: Magic Dart        |   148 |   110 |     9 ||   267
       Mephitic Cloud    |       |    11 |     7 ||    18
Evoke: Wand              |       |       |     2 ||     2
  Use: Potion            |       |     5 |     1 ||     6
 Stab: Confused          |       |     6 |     1 ||     7
       Sleeping          |       |     1 |       ||     1
       Paralysed         |       |       |     8 ||     8
Armor: Robe              |    13 |       |       ||    13
       Leather armour    |     1 |    40 |    32 ||    73
Dodge: Dodged            |    45 |   102 |    36 ||   183

Table legend: (Time is in decaauts)
 A = Elapsed time spent in this place.
 B = Non-inter-level travel time spent in this place.
 C = Inter-level travel time spent in this place.
 D = Time resting spent in this place.
 E = Time spent auto-exploring this place.
 F = Levels seen in this place.
 G = Mean time per level.
                   A        B        C        D        E       F      G
               +--------+--------+--------+--------+--------+-----+--------+
         Total |   8611 |   8487 |    124 |    654 |   6608 |   7 | 1230.1 |
       Dungeon |   8611 |   8487 |    124 |    654 |   6608 |   7 | 1230.1 |
               +--------+--------+--------+--------+--------+-----+--------+

Top non-repeatable levels by time:
     D:3: 1959 daAuts
     D:1: 1752 daAuts
     D:2: 1528 daAuts
     D:4: 1186 daAuts
     D:5: 1158 daAuts
     D:6: 848 daAuts
     D:7: 178 daAuts
